 Dungeon Crawl Stone Soup version 0.30-a0-576-g89cddaab80 (webtiles) character file.

Game seed: 15604927332243394514

2089 kae the Changer (level 9, -16/70 HPs)
             Began as a Demonspawn Transmuter on Dec 30, 2022.
             Killed from afar by a steam dragon (18 damage)
             ... with a ball of steam
             ... on level 7 of the Dungeon.
             The game lasted 00:06:19 (5572 turns).

kae the Changer (Demonspawn Transmuter)             Turns: 5572, Time: 00:06:19

Health: -16/70     AC:  7    Str: 13    XL:     9   Next: 6%
Magic:  13/16      EV: 10    Int: 16    God:
Gold:   290        SH:  0    Dex: 14    Spells: 8/18 levels left

rFire   x . .      SeeInvis .      - Unarmed
rCold   + + +      Faith    .    (shield currently unavailable)
rNeg    . . .      Spirit   .    (body armour currently unavailable)
rPois   +          Reflect  .    (helmet currently unavailable)
rElec   .          Harm     .    (cloak currently unavailable)
rCorr   .          Rampage  .    (gloves currently unavailable)
Will    .....                    (boots currently unavailable)
Stlth   +                        g - amulet of regeneration
HPRegen 1.11/turn                Y - +4 ring of slaying
MPRegen 0.15/turn                Z - ring of wizardry

@: ice-form, wereblooded
A: freezing attack, amphibious, boosted hp, large, (hooves 2), (sharp scales 2)
a: End Transformation


You were on level 7 of the Dungeon.
You were a creature of crystalline ice.
You visited 2 branches of the dungeon, and saw 8 of its levels.

You collected 434 gold pieces.
You spent 144 gold pieces at shops.


Innate Abilities, Weirdness & Mutations

You are a creature of crystalline ice.
You have a powerful freezing melee attack.
You are amphibious.
Your maximum health is increased.
Your armour is entirely melded.
You are incapable of wielding weapons or throwing items.
((You have hoof-like feet.))
((You are mostly covered in razor-sharp scales. (AC +2, Slay +2)))


   Skills:
 - Level 1.0 Fighting
 - Level 1.7 Dodging
 + Level 5.3 Unarmed Combat
 + Level 5.0 Spellcasting
 * Level 6.9 Transmutations
 * Level 5.2 Ice Magic


You had 8 spell levels left.
You knew the following spells:

 Your Spells              Type           Power      Damage    Failure   Level
a - Beastly Appendage     Tmut           52%        N/A       1%          1
b - Wereblood             Tmut           26%        N/A       1%          2
c - Spider Form           Tmut/Pois      15%        N/A       4%          3
d - Ice Form              Ice/Tmut       23%        N/A       4%          4

Your spell library contained the following spells:

 Spells                   Type           Power      Damage    Failure   Level
 Sting                    Tmut/Pois      60%        1d6       1%          1
 Poisonous Vapours        Pois/Air       8%         N/A       9%          2
 Static Discharge         Conj/Air       8%         2-3/arc   9%          2
 Inner Flame              Hex/Fire       4%         N/A       17%         3
 Vhi's Electric Charge    Tloc/Air       8%         N/A       17%         3
 Flame Wave               Conj/Fire      4%         2d5       50%         4
 Olgreb's Toxic Radiance  Pois           4%         N/A       50%         4
 Sticky Flame             Conj/Fire      4%         2d3       50%         4
 Arcjolt                  Conj/Air       2%         1d12      82%         5
 Lightning Bolt           Conj/Air       2%         1d13      82%         5

Inventory:

Missiles
 c - 20 stones
 h - a throwing net {=f!f}
 p - 5 poisoned darts
 v - 2 boomerangs
 x - 3 javelins
Armour
 a - a +1 robe (melded)
Magical Staves
 u - a staff of cold {!a}
   (You found it on level 6 of the Dungeon)
Jewellery
 g - an amulet of regeneration (around neck)
   (You found it on level 3 of the Dungeon)
 D - a +6 ring of dexterity
   (You found it on level 1 of the Dungeon)
 P - a ring of poison resistance
   (You found it on level 1 of the Dungeon)
 Y - a +4 ring of slaying (left front paw)
   (You found it on level 5 of the Dungeon)
 Z - a ring of wizardry (right front paw)
   (You took it off a kobold on level 2 of the Dungeon)
Wands
 k - a wand of iceblast (5)
   (You found it on level 5 of the Dungeon)
 t - a wand of flame (21)
   (You found it on level 6 of the Dungeon)
Scrolls
 d - 6 scrolls of identify {@r1}
 l - 2 scrolls of fog
 r - 2 scrolls of teleportation {@r4}
 s - a scroll of enchant armour
 w - a scroll of magic mapping {!r}
Potions
 b - a potion of lignification {!q}
 e - 3 potions of curing {@q1}
 f - 2 potions of resistance
 i - 2 potions of invisibility
 j - 3 potions of degeneration {!q}
 n - a potion of attraction {!q}
 o - 3 potions of might
 q - a potion of cancellation

Dungeon Overview and Level Annotations

Branches:
Dungeon (7/15) Zot: 26951  Temple (1/1) D:5 Zot: 5963

Altars:
Dithmenos
Fedhas
Gozag
Hepliaklqana
Makhleb
Nemelex Xobeh
Okawaru
Sif Muna
Trog
Uskayaw
Vehumet
Xom

Shops:
D:4 (!

Annotations:
D:5 2 transporters, Pim's ghost, novice HuWr

#.# #.# ....... #.#..
[D..... #.#.# ## ......o
#.#.# ... .....oo #.#.#
#.# .o...>o
#.#.#########).# .....o.
#ยง#............#
.......##Y#............#
........Do.............#.
........#................
........####.............
........# ###'##.#######
........# #.##......#
?.......# #.#######<#
#######.# #.# #.# #.#


You could see a steam dragon (catching breath) and an orc.


Message History

The orc shouts! x3; You hear an angry hiss.
There are monsters nearby!
There are monsters nearby!
Casting: Ice Form (dangerous; 5% risk of failure)
Confirm with . or Enter, or press ? or * to list all spells.
You turn into a creature of crystalline ice.
Your +1 robe melds into your body.
A steam dragon comes into view.
An orc comes into view.
It is wielding a +0 flail. ๐Ÿ˜Ž HP[+11] MP[-4]
You now have 70 max hp (+11).
Your hp is fully restored (70).
You lost 4 mp, and now have 12/16 mp.
There is a stone staircase leading up here.
Casting: Ice Form (dangerous; 5% risk of failure)
Confirm with . or Enter, or press ? or * to list all spells.
Your blood is infused with primal strength. ๐Ÿ˜Ž MP[-1]
You lost 1 mp, and now have 11/16 mp.
You barely miss the orc. You hit the orc. You freeze the orc.
You kill the orc!
You punch the orc! You freeze the orc.
You kill the orc!
You punch the orc! You freeze the orc.
You kill the orc!
You hit the orc. You freeze the orc. You hit the orc warrior.
You freeze the orc warrior. You punch the orc warrior!
You freeze the orc warrior.
The orc warrior hits you with a +1 battleaxe of flaming!
The orc warrior melts you.
You barely miss the orc warrior.
The orc warrior hits you with a +1 battleaxe of flaming!
The orc warrior melts you. ๐Ÿ˜ฎ HP[-33] MP[+1]
You take 33 damage, and now have 37/70 hp.
MASSIVE DAMAGE!! (PAUSE)
You hit the orc warrior. You freeze the orc warrior.
The orc warrior hits you with a +1 battleaxe of flaming!
* * * LOW HITPOINT WARNING * * *
The orc warrior melts you.
* * * LOW HITPOINT WARNING * * *
๐Ÿ˜จ HP[-15]
You take 15 damage, and now have 22/70 hp.
MASSIVE DAMAGE!! (PAUSE)
You hit the orc warrior but do no damage.
The orc warrior hits you with a +1 battleaxe of flaming.
* * * LOW HITPOINT WARNING * * *
The orc warrior melts you.
* * * LOW HITPOINT WARNING * * *
๐Ÿ˜ฑ HP[-6]
You take 6 damage, and now have 16/70 hp.
You punch the orc warrior! You freeze the orc warrior.
You feel a bit better.
You kill the orc warrior! ๐Ÿ˜จ HP[+2]
You regained 2 hp, and now have 18/70 hp.
You feel much better. The steam dragon breathes steam at you.
The ball of steam misses you.
You hear a shout! x2; You hear an angry buzzing noise. ๐Ÿ˜ฎ HP[+30]
You regained 30 hp, and now have 48/70 hp.
You are engulfed in a cloud of scalding steam.
* * * LOW HITPOINT WARNING * * *
The steam dragon bites you.
* * * LOW HITPOINT WARNING * * *
The steam dragon claws you.
* * * LOW HITPOINT WARNING * * *
The orc closely misses you.
Items here: )))) [[[ โ€ โ€ โ€ . ๐Ÿ˜จ HP[-18]
You take 18 damage, and now have 30/70 hp.
MASSIVE DAMAGE!! (PAUSE)
You punch the steam dragon! You freeze the steam dragon.
You are engulfed in a cloud of scalding steam.
* * * LOW HITPOINT WARNING * * *
The steam dragon bites you.
* * * LOW HITPOINT WARNING * * *
The steam dragon claws you.
* * * LOW HITPOINT WARNING * * *
The orc hits you with a +0 flail.
* * * LOW HITPOINT WARNING * * *
๐Ÿ˜จ HP[-11] MP[+1]
You take 11 damage, and now have 19/70 hp.
You barely miss the steam dragon.
You are engulfed in a cloud of scalding steam.
* * * LOW HITPOINT WARNING * * *
The steam dragon breathes steam at you. The ball of steam hits you.
The steam scalds you terribly!
* * * LOW HITPOINT WARNING * * *
The orc barely misses you.
You hear an angry buzzing noise. ๐Ÿ˜ฑ HP[-15]
You take 15 damage, and now have 4/70 hp.
MASSIVE DAMAGE!! (PAUSE)
You punch the steam dragon! You freeze the steam dragon.
You are engulfed in a cloud of scalding steam.
* * * LOW HITPOINT WARNING * * *
The steam dragon breathes steam at you. The ball of steam hits you!!
The steam scalds you terribly!
You die...

Skill      XL: |  1  2  3  4  5  6  7  8 |
---------------+-------------------------+-----
Transmutations | 2 3 4 5 6 |  6.9
Unarmed Combat | 3 4 5 |  5.3
Spellcasting   | 3 4 5 |  5.0
Ice Magic      | 3 5 |  5.2
Fighting       | |  1.0
Dodging        | |  1.7

Action                   |  1- 3 |  4- 6 |  7- 9 || total
-------------------------+-------+-------+-------++-------
Melee: Unarmed           |   106 |   129 |   134 ||   369
       Kick              |    27 |     9 |       ||    36
       Headbutt          |    16 |     1 |       ||    17
       Punch             |       |     4 |       ||     4
 Cast: Beastly Appendage |    34 |     4 |       ||    38
       Spider Form       |     2 |    21 |    15 ||    38
       Wereblood         |       |     6 |     6 ||    12
       Ice Form          |       |     1 |     9 ||    10
  Use: Scroll            |     7 |     1 |     6 ||    14
       Potion            |       |     1 |     1 ||     2
Armor: Robe              |    19 |     5 |     1 ||    25
       Skin              |     1 |     5 |    20 ||    26
Dodge: Dodged            |    88 |   111 |    76 ||   275

Levels and vault maps discovered:
D:1:      dpeg_arrival_pits, layout_basic, grunt_decor_clamped,
          serial_bayou_ford_a
D:2:      layout_rooms, basic_altar
D:3:      layout_basic, xom_confusion_cloud, jmf_multi_god_temple, uniq_grinder
D:4:      layout_basic, serial_shops, nicolae_shop_crystal,
          nicolae_shop_advertising_works [nicolae_subvault_shop_adworks],
          hex_tiny, grunt_ministairs_14, minmay_close_crescents, uniq_pikel
D:5:      layout_gridville, lemuel_crystal_altar,
          nicolae_overflow_hidden_temple, minmay_temple_entry_hall,
          gammafunk_ghost_arena
D:6:      minmay_recursive_quarters, layout_basic
D:7:      layout_basic, kiku_gazebo_garden_becter, chequers_arboretum,
          minmay_misc_feat_rows, uniq_crazy_yiuf_cottage
Temple:   hellmonk_temple_divided_pantheon

Notes
Turn   | Place    | Note
-------+----------+-------------------------------------------
     0 | D:1      | kae the Demonspawn Transmuter began the quest for the Orb.
     0 | D:1      | Reached XP level 1. HP: 15/15 MP: 3/3
     0 | D:1      | magus.rc [v1.11.3]
   123 | D:1      | Reached skill level 2 in Transmutations
   187 | D:1      | Gained mutation: You are partially covered in razor-sharp
                  | scales. (AC +1, Slay +1) [demonic ancestry]
   187 | D:1      | Reached XP level 2. HP: 18/21 MP: 3/5
   563 | D:1      | Reached skill level 3 in Unarmed Combat
   567 | D:1      | Lost mutation: You have razor-sharp toenails. [demonic
                  | ancestry]
   567 | D:1      | Lost mutation: You have sharp toenails. [demonic ancestry]
   567 | D:1      | Gained mutation: You have large cloven feet. [demonic
                  | ancestry]
   567 | D:1      | Reached XP level 3. HP: 26/26 MP: 4/6
   570 | D:1      | Learned a level 2 spell: Wereblood
   574 | D:1      | Learned a level 3 spell: Spider Form
   752 | D:2      | Found a shimmering altar of Xom.
  1241 | D:2      | Reached skill level 3 in Transmutations
  1370 | D:2      | You pick up a book of Lightning and begin reading...
  1370 | D:2      | You add the spells Static Discharge, Vhi's Electric Charge,
                  | Lightning Bolt and Arcjolt to your library.
  1433 | D:3      | Reached XP level 4. HP: 28/32 MP: 5/7
  1589 | D:3      | Found a shimmering altar of Xom.
  1664 | D:3      | Noticed Grinder
  1671 | D:3      | Paralysed by Grinder for 2 turns
  1684 | D:3      | Killed Grinder
  1685 | D:3      | Reached skill level 3 in Spellcasting
  1685 | D:3      | Reached skill level 4 in Transmutations
  1685 | D:3      | Reached XP level 5. HP: 22/37 MP: 3/9
  1685 | D:3      | Gained mutation: You are mostly covered in razor-sharp
                  | scales. (AC +2, Slay +2) [demonic ancestry]
  1685 | D:3      | Reached XP level 6. HP: 25/43 MP: 3/10
  1694 | D:3      | HP: 10/43 [adder (1)]
  1711 | D:3      | Learned a level 4 spell: Ice Form
  1865 | D:3      | Found a burning altar of Makhleb.
  1867 | D:3      | Found an iron altar of Okawaru.
  2819 | D:4      | Reached skill level 4 in Unarmed Combat
  2819 | D:4      | Reached skill level 1 in Ice Magic
  2904 | D:4      | Found Bifockush's Distillery.
  2915 | D:4      | Bought a potion of heal wounds for 60 gold pieces
  2915 | D:4      | Bought a potion of attraction for 36 gold pieces
  2915 | D:4      | Bought a potion of might for 48 gold pieces
  3097 | D:4      | Noticed Pikel
  3112 | D:4      | Killed Pikel
  3113 | D:4      | Reached skill level 4 in Spellcasting
  3113 | D:4      | Reached skill level 5 in Transmutations
  3113 | D:4      | Reached skill level 3 in Ice Magic
  3113 | D:4      | Reached XP level 7. HP: 40/48 MP: 7/13
  3124 | D:4      | HP: 14/57 [gnoll bouda/+0 club (6)]
  3320 | D:4      | Gained mutation: You have hoof-like feet. [demonic
                  | ancestry]
  3320 | D:4      | Reached XP level 8. HP: 54/54 MP: 8/14
  3509 | D:4      | Found Mimi's Weapon Shop.
  3772 | D:5      | Entered Level 5 of the Dungeon
  3772 | D:5      | Found a transporter.
  3792 | D:5      | Noticed Pim's ghost (novice HuWr)
  3796 | D:5      | Noticed a two-headed ogre
  3817 | D:5      | You add the spells Sting, Poisonous Vapours and Olgreb's
                  | Toxic Radiance to your library.
  3841 | D:5      | Found a shimmering blue altar of Sif Muna.
  3850 | D:5      | Found a hazy altar of Hepliaklqana.
  3855 | D:5      | Found an opulent altar of Gozag.
  3908 | D:5      | Found a transporter.
  4022 | D:5      | Found a staircase to the Ecumenical Temple.
  4034 | Temple   | Entered the Ecumenical Temple
  4034 | Temple   | Found a transporter.
  4034 | Temple   | Found a transporter.
  4036 | Temple   | Found a transporter.
  4036 | Temple   | Found a transporter.
  4108 | D:5      | You pick up a book of Flames and begin reading...
  4108 | D:5      | You add the spells Inner Flame, Sticky Flame and Flame Wave
                  | to your library.
  4242 | D:5      | Reached skill level 6 in Transmutations
  4631 | D:6      | Reached skill level 4 in Ice Magic
  4735 | D:6      | HP: 14/64 [gnoll/+0 spear (6)]
  4741 | D:6      | Reached skill level 5 in Unarmed Combat
  5088 | D:6      | Reached skill level 5 in Ice Magic
  5093 | D:6      | Reached skill level 5 in Spellcasting
  5115 | D:6      | Reached XP level 9. HP: 59/59 MP: 10/16
  5566 | D:7      | HP: 16/70 [orc warrior/+1 battleaxe of flaming (3)]
  5571 | D:7      | HP: 7/70 [steam dragon] (12)]
  5572 | D:7      | HP: 1/70 [steam dragon] (3)]
  5572 | D:7      | Killed from afar by a steam dragon

Vanquished Creatures
  Pikel (D:4)
  Grinder (D:3)
  A steam dragon (D:6)
  A water moccasin (D:6)
  An orc warrior (D:7)
  A black bear (D:6)
  An ogre (D:4)
  A lemure (D:4)
  A phantom (D:6)
  A bullfrog (D:6)
  2 scorpions
  A jelly (D:5)
  An orc priest (D:4)
  3 hounds
  2 gnoll boudas
  2 iguanas
  16 gnolls
  9 adders
  A shadow imp (D:6)
  A white imp (D:5)
  2 worms (D:3)
  3 dart slugs
  21 orcs
  8 endoplasms
  5 giant cockroaches
  8 goblins
  12 hobgoblins
  10 jackals
  3 quokkas
  12 ball pythons
  5 bats
  6 frilled lizards
  9 kobolds
  8 rats
160 creatures vanquished.

Vanquished Creatures (others)
  A plant (D:1)
  7 withered plants (D:7)
8 creatures vanquished.

Grand Total: 168 creatures vanquished

Table legend:
 A = Non-vault XP
 B = Vault XP
 C = Vault XP percentage of total XP
 D = Non-vault monster count
 E = Vault monster count
 F = Vault count percentage of total count
                 A         B        C        D         E       F
            +---------+---------+-------+---------+---------+-------
      Total |    1719 |    1266 |  42.4 |     137 |      22 |  13.8
            +---------+---------+-------+---------+---------+-------
        D:1 |      41 |       0 |   0.0 |      26 |       0 |   0.0
        D:2 |      54 |       0 |   0.0 |      24 |       0 |   0.0
        D:3 |     103 |     286 |  73.5 |      25 |      11 |  30.6
        D:4 |     204 |     788 |  79.4 |      24 |       6 |  20.0
        D:5 |     259 |       0 |   0.0 |       7 |       0 |   0.0
        D:6 |     908 |     192 |  17.5 |      27 |       5 |  15.6
        D:7 |     150 |       0 |   0.0 |       4 |       0 |   0.0
            +---------+---------+-------+---------+---------+-------

Illustrated notes

Table legend:
 A = Kills in this place as a percentage of kills in entire the game.
 B = Kills by you in this place as a percentage of kills by you in the entire game.
 C = Kills by friends in this place as a percentage of kills by friends in the entire game.
 D = Other kills in this place as a percentage of other kills in the entire game.
 E = Experience gained in this place as a percentage of experience gained in the entire game.
 F = Experience gained in this place divided by the number of levels of this place that you have seen.
                   A       B       C       D       E      F
               +-------+-------+-------+-------+-------+----------------------
         Total | 100.0 | 100.0 |   N/A |   N/A | 100.0 | 373.1
       Dungeon | 100.0 | 100.0 |   N/A |   N/A | 100.0 | 426.4
               +-------+-------+-------+-------+-------+----------------------

Table legend: (Time is in decaauts)
 A = Elapsed time spent in this place.
 B = Non-inter-level travel time spent in this place.
 C = Inter-level travel time spent in this place.
 D = Time resting spent in this place.
 E = Time spent auto-exploring this place.
 F = Levels seen in this place.
 G = Mean time per level.
                   A        B        C        D        E       F      G
               +--------+--------+--------+--------+--------+-----+--------+
         Total |   5557 |   5351 |    206 |    122 |   4153 |   8 |  694.6 |
       Dungeon |   5520 |   5321 |    199 |    122 |   4145 |   7 |  788.6 |
        Temple |     36 |     30 |      6 |      0 |      8 |   1 |   36.0 |
               +--------+--------+--------+--------+--------+-----+--------+

Top non-repeatable levels by time:
     D:3: 1260 daAuts
     D:4: 1082 daAuts
     D:6: 919 daAuts
     D:5: 785 daAuts
     D:1: 764 daAuts
     D:2: 661 daAuts
     D:7: 47 daAuts
  Temple: 36 daAuts
